 Dungeon Crawl Stone Soup version 0.29-a0-824-gd827844252 (webtiles) character file.

Game seed: 10567826699156236832

58 buhh the Insei (level 4, 0/29 HPs)
             Began as an Octopode Transmuter on July 9, 2022.
             Slain by an orc
             ... wielding a +0 club
              (4 damage)
             ... on level 2 of the Dungeon.
             The game lasted 00:01:30 (2149 turns).

buhh the Insei (Octopode Transmuter)                Turns: 2149, Time: 00:01:31

Health: 0/29       AC:  1    Str:  9    XL:     4   Next: 2%
Magic:  7/7        EV: 13    Int: 17    God:
Gold:   58         SH:  0    Dex: 12    Spells: 6/7 levels left

rFire   . . .      SeeInvis .     - Unarmed
rCold   . . .      Faith    .   (no shield)
rNeg    . . .      Spirit   .   (helmet restricted)
rPois   .          Reflect  .   (no amulet)
rElec   .          Harm     .   (no ring)
rCorr   .          Rampage  .   (no ring)
Will    .....                   (no ring)
Stlth   +++.......              (no ring)
HPRegen 0.09/turn               (no ring)
MPRegen 0.10/turn               (no ring)
                                (no ring)
                                (no ring)

@: no status effects
A: almost no armour, amphibious, 8 rings, camouflage 1, gelatinous body 1,
(nimble swimmer 1), tentacles
a: no special abilities


You were on level 2 of the Dungeon.
You visited 1 branch of the dungeon, and saw 3 of its levels.

You collected 58 gold pieces.

Inventory:

Missiles
 i - 3 poisoned darts
Jewellery
 c - an amulet of magic regeneration
Scrolls
 b - 4 scrolls of identify {unknown}
 e - a scroll of silence {unknown}
 f - 2 scrolls of fog {unknown}
 g - a scroll of blinking {unknown}
 j - a scroll of enchant weapon {unknown}
 n - a scroll of teleportation {unknown}
Potions
 d - a potion of heal wounds {unknown}
 k - a potion of haste {unknown}
 l - a potion of mutation {unknown}
 m - a potion of attraction {unknown}


   Skills:
 + Level 1.9 Fighting
 + Level 2.6 Dodging
 - Level 2.0 Stealth
 + Level 3.5 Unarmed Combat
 - Level 2.0 Spellcasting
 - Level 2.0 Transmutations
 - Level 1.0 Poison Magic


You had 6 spell levels left.
You knew the following spells:

 Your Spells              Type           Power      Damage    Failure   Level
a - Beastly Appendage     Tmut           16%        N/A       9%          1

Your spell library contained the following spells:

 Spells                   Type           Power      Damage    Failure   Level
 Wereblood                Tmut           8%         N/A       13%         2
 Spider Form              Tmut/Pois      6%         N/A       30%         3
 Ice Form                 Ice/Tmut       5%         N/A       77%         4


Dungeon Overview and Level Annotations

Branches:
Dungeon (3/15) Zot: 15854

Altars:


Innate Abilities, Weirdness & Mutations

You cannot wear most types of armour.
You are amphibious.
You can wear up to eight rings at the same time.
Your skin changes colour to match your surroundings (Stealth+).
Your rubbery body absorbs attacks. (AC +1, EV +1)
((You are camouflaged when in or above water. (Stealth+)))
You have tentacles for arms and can constrict up to eight enemies at once.


Message History

It was a potion of curing.
You feel better. The orc hits you with a +0 dagger.
The orc attacks as you move away! The orc hits you with a +0 dagger.
The orc attacks as you move away! The orc hits you with a +0 club.
An orc comes into view. It is wielding a +0 club.
The orc shouts!
The orc attacks as you move away! The orc hits you with a +0 club.
The orc attacks as you move away! The orc hits you but does no damage.
The ball python closely misses you. The ball python barely misses you.
The ball python barely misses you. The ball python grabs you.
The ball python constricts you. The ball python misses you.
The ball python constricts you.
You escape the ball python's grasp.
The orc closely misses you. The orc hits you with a +0 club.
* * * LOW HITPOINT WARNING * * *
The orc attacks as you move away! The orc closely misses you.
The ball python bites you.
* * * LOW HITPOINT WARNING * * *
The ball python closely misses you.
There is a stone staircase leading up here.
Really quaff
h - a potion of curing {!q!d}?
You feel better. The orc completely misses you.
The ball python barely misses you. The ball python misses you.
The orc misses you. The ball python closely misses you.
The ball python grabs you.
You stop ascending the stairs.
The ball python constricts you.
You escape the ball python's grasp.
The ball python bites you.
* * * LOW HITPOINT WARNING * * *
The ball python completely misses you.
You climb upwards.
There is a stone staircase leading down here.
The orc completely misses you. The ball python barely misses you.
The ball python grabs you. The ball python constricts you.
* * * LOW HITPOINT WARNING * * *
You escape the ball python's grasp.
The orc attacks as you move away! The orc barely misses you.
The orc attacks as you move away! The orc hits you with a +0 club.
* * * LOW HITPOINT WARNING * * *
The orc attacks as you move away! The orc closely misses you.
The orc attacks as you move away! The orc hits you with a +0 club.
You die...

#.#.#.# #....#.......###.#
#.#.#.# #...<#............
#######.#.#.####..#.#...........#
................>.#.#.#########.#
...####.#.#.####....#.#...#...#.#
...# #.#.#.# #..#.#.#.#.#.#.#.#
...# #[#.#.# #S.###.#.#.#.#.#.#
...# #.#.#.# #oo..........#.#.#
...# #.#.#.# #@####.#######.#.#
...# ##.#.#.# ##.# #.........#.#
...# #..#.#.###..# #########.#.#
...# #.##.###P#################.#
...# #..####..P#........).).....#
...# #.P.P#P...##################
...# ###.##.≈≈.♣# '### #.#..≈≈._#
..# #P.#.≈P[♣#


You could see 2 orcs and a ball python.

Vanquished Creatures
  Robin (D:2)
  A worm (D:2)
  A dart slug (D:1)
  3 ball pythons
  A bat (D:1)
  5 endoplasms
  4 giant cockroaches
  8 goblins
  2 hobgoblins
  2 quokkas (D:1)
  2 frilled lizards
  4 kobolds (D:2)
  5 rats
39 creatures vanquished.

Notes
Turn   | Place    | Note
-------+----------+-------------------------------------------
     0 | D:1      | buhh the Octopode Transmuter began the quest for the Orb.
     0 | D:1      | Reached XP level 1. HP: 13/13 MP: 3/3
   145 | D:1      | Reached XP level 2. HP: 18/18 MP: 3/5
   839 | D:2      | Reached XP level 3. HP: 23/23 MP: 6/6
  1506 | D:2      | Found a faded altar of an unknown god.
  1830 | D:2      | Noticed Robin
  1846 | D:2      | Killed Robin
  1851 | D:2      | Reached XP level 4. HP: 16/29 MP: 7/7
  2149 | D:2      | Slain by an orc

Illustrated notes

Levels and vault maps discovered:
D:1:      ncdulo_wetmaze, layout_rooms
D:2:      cheibrodos_helix_gallery, layout_basic,
          dreamdust_ecumenical_altar_hidden_monk_grotto, interstate_on_off,
          uniq_robin
D:3:      layout_loops_cross, elyvilon_altar_1, okawaru_gym_becter,
          uniq_jessica, uniq_terence

Skill      XL: |  1  2 |
---------------+-------+-----
Stealth        | 1 2 |  2.0
Poison Magic   | 1 |  1.0
Fighting       | |  1.9
Dodging        | |  2.6
Unarmed Combat | |  3.5
Spellcasting   | |  2.0
Transmutations | |  2.0

Action                   |  1- 3 |  4- 6 || total
-------------------------+-------+-------++-------
Melee: Unarmed           |    80 |     2 ||    82
       Constrict         |    18 |     1 ||    19
       Tentacles         |    13 |       ||    13
       Kick              |    16 |       ||    16
       Punch             |     4 |       ||     4
 Cast: Beastly Appendage |    21 |     2 ||    23
  Use: Potion            |     1 |     2 ||     3
 Stab: Sleeping          |    11 |       ||    11
Armor: Skin              |    14 |     1 ||    15
Dodge: Dodged            |    33 |    18 ||    51

Table legend: (Time is in decaauts)
 A = Elapsed time spent in this place.
 B = Non-inter-level travel time spent in this place.
 C = Inter-level travel time spent in this place.
 D = Time resting spent in this place.
 E = Time spent auto-exploring this place.
 F = Levels seen in this place.
 G = Mean time per level.
                   A        B        C        D        E       F      G
               +--------+--------+--------+--------+--------+-----+--------+
         Total |   2145 |   2076 |     69 |      0 |   1787 |   3 |  715.0 |
       Dungeon |   2145 |   2076 |     69 |      0 |   1787 |   3 |  715.0 |
               +--------+--------+--------+--------+--------+-----+--------+

Top non-repeatable levels by time:
     D:2: 1266 daAuts
     D:1: 824 daAuts
     D:3: 54 daAuts
